 Dungeon Crawl Stone Soup version 0.31.0-9-g3a7656b989 (webtiles) character file.

Game seed: 10077591467467460457

534 MacCMillion the Cleaver (level 7, -7/57 HPs)
             Began as a Hill Orc Fighter on Jan 26, 2024.
             Mangled by a gnoll
             ... wielding a +0 halberd
             ... led by a gnoll bouda
              (8 damage)
             ... on level 4 of the Dungeon.
             The game lasted 00:06:37 (4775 turns).

MacCMillion the Cleaver (Hill Orc Fighter)          Turns: 4775, Time: 00:06:38

Health: -7/57      AC:  9    Str: 21    XL:     7   Next: 25%
Magic:  7/7        EV: 10    Int: 12    God:
Gold:   262        SH:  4    Dex: 10    Spells: 6/6 levels left

rFire   . . .        a - +0 war axe
rCold   . . .        c - +0 buckler
rNeg    + . .        s - +4 ring mail of Grot {rElec Int+4 SInv}
rPois   .            (no helmet)
rElec   +            (no cloak)
rCorr   .            (no gloves)
SInv    +            (no boots)
Will    .....        (no amulet) Stlth
                     f - ring of positive energy
HPRegen 0.29/turn    (no ring)
MPRegen 0.10/turn

%: no passive effects
@: mighty
A: no striking features
a: no special abilities


You were on level 4 of the Dungeon.
You visited 1 branch of the dungeon, and saw 5 of its levels.

You collected 262 gold pieces.

Inventory:

Hand Weapons
 a - a +0 war axe (weapon)
Missiles
 g - 8 boomerangs (quivered)
Armour
 c - a +0 buckler (worn)
 p - a +0 chain mail
 s - the +4 ring mail of Grot (worn) {rElec Int+4 SInv}
   (You found it on level 2 of the Dungeon)

   Int+4:     It affects your intelligence (+4).
   rElec:     It insulates you from electricity.
   SInv:      It lets you see invisible.
Jewellery
 f - a ring of positive energy (left hand)
 q - a ring of magical power
Scrolls
 b - 2 scrolls of amnesia {unknown}
 i - 2 scrolls of enchant armour {unknown}
 k - a scroll of butterflies
 m - 4 scrolls of revelation {unknown}
 r - a scroll of immolation
 t - a scroll of teleportation {unknown}
 u - a scroll of fog {unknown}
Potions
 e - 3 potions of invisibility
 h - a potion of enlightenment
 l - a potion of resistance
 n - a potion of degeneration
 o - 2 potions of curing


   Skills:
 - Level 3.6 Fighting
 + Level 9.4 Axes
 - Level 3.2 Armour
 * Level 1.3 Dodging
 - Level 4.0 Shields


You had 6 spell levels left.
You didn't know any spells.
Your spell library contained the following spells:

 Spells                   Type           Power      Damage    Failure   Level
 Apportation              Tloc           0%         N/A       54%         1
 Necrotise                Necr           0%         1d4       54%         1
 Sting                    Conj/Alch      0%         1d3       54%         1
 Summon Small Mammal      Summ           0%         N/A       54%         1


Dungeon Overview and Level Annotations

Branches:
Dungeon (5/15)
 Temple: D:4-7

Altars:
Sif Muna
Trog
Wu Jian

Annotations:
D:1 1 runed translucent door
D:3 4 runed translucent doors, Crazy Yiuf; TangoThomas's ghost, amateur DsAl


Message History

You kill the gnoll!
You slash the gnoll!
You kill the gnoll!
You slash the gnoll!
The gnoll is heavily wounded.
The gnoll misses you. The gnoll closely misses you.
You closely miss the gnoll.
The gnoll is heavily wounded.
The gnoll hits you but does no damage.
The gnoll hits you from afar with a +0 halberd!
You slash the gnoll!
You kill the gnoll!
The gnoll hits you from afar with a +0 halberd.
There is an open door, spattered with blood here.
Things that are here:
a +0 club; a +0 club; a gnoll corpse You closely miss the gnoll bouda.
The gnoll completely misses you.
You slash the gnoll bouda!
The gnoll bouda is severely wounded.
The gnoll bouda barks out a call to the hunt!
The gnoll picks up the pace!
The gnoll closely misses you.
You completely miss the gnoll bouda.
The gnoll bouda is severely wounded.
You block the gnoll bouda's attack. The gnoll closely misses you.
You barely miss the gnoll bouda.
The gnoll bouda is severely wounded.
The gnoll bouda hits you with a +0 club.
The gnoll hits you from afar with a +0 halberd!
* * * LOW HITPOINT WARNING * * *
You closely miss the gnoll bouda.
The gnoll bouda is severely wounded.
The gnoll bouda prays to its god.
The gnoll bouda is healed somewhat.
The gnoll hits you from afar with a +0 halberd.
* * * LOW HITPOINT WARNING * * *
The gnoll bouda hits you with a +0 club.
* * * LOW HITPOINT WARNING * * *
The gnoll hits you with a +0 halberd!
You die...

#............#
#............#
#............#
#............#
####+##......#
#.....#......#
#.....#......#
##...))gg....##
#....#@........
#....#..........
#....#..........
#....#..........
#....#######....
#....#.....#...
#....'.....#
#....#.....#
#....##....#


You could see a gnoll bouda and a gnoll (swift).

Vanquished Creatures
  An ogre (D:5)
  A hound (D:5)
  A bombardier beetle (D:5)
  A sleepcap (D:5)
  Jessica (D:3)
  An iguana (D:5)
  Natasha (D:3)
  2 orc wizards (D:3)
  10 gnolls
  6 adders
  3 ribbon worms (D:2)
  4 dart slugs
  5 orcs (D:3)
  2 endoplasms
  3 giant cockroaches
  5 hobgoblins
  6 kobolds
  2 quokkas
  5 ball pythons
  4 bats
  5 frilled lizards
  11 goblins
  5 rats
85 creatures vanquished.

Notes
Turn   | Place    | Note
-------+----------+-------------------------------------------
     0 | D:1      | MacCMillion the Hill Orc Fighter began the quest for the
                  | Orb.
     0 | D:1      | Reached XP level 1. HP: 19/19 MP: 1/1
     0 | D:1      | Noticed a jelly
     1 | D:1      | Found a runed translucent door.
   143 | D:1      | Reached skill level 3 in Axes
   188 | D:1      | Reached XP level 2. HP: 23/26 MP: 2/2
   251 | D:1      | Reached XP level 3. HP: 20/31 MP: 3/3
   534 | D:1      | Reached skill level 4 in Axes
  1414 | D:2      | Reached skill level 5 in Axes
  1414 | D:2      | Reached XP level 4. HP: 31/39 MP: 4/4
  1910 | D:2      | Identified the +4 ring mail of Grot {rElec Int+4 SInv}
  1933 | D:2      | Found the +7 hand cannon "Mule" {flame, backblast, rF+}
  2234 | D:2      | Reached skill level 6 in Axes
  2234 | D:2      | Reached XP level 5. HP: 32/45 MP: 5/5
  2933 | D:3      | Found a runed translucent gate.
  2934 | D:3      | Found a runed translucent gate.
  2935 | D:3      | Found a runed translucent gate.
  2936 | D:3      | Noticed TangoThomas's ghost (amateur DsAl)
  2995 | D:3      | Reached skill level 7 in Axes
  3104 | D:3      | Noticed Jessica
  3181 | D:3      | Noticed Natasha
  3186 | D:3      | Killed Natasha
  3187 | D:3      | Reached XP level 6. HP: 44/51 MP: 6/6
  3544 | D:3      | Killed Jessica
  3548 | D:3      | Found a shimmering blue altar of Sif Muna.
  3682 | D:3      | Found an ornate altar of the Wu Jian Council.
  3803 | D:3      | Found a bloodstained altar of Trog.
  3851 | D:3      | Found a runed translucent door.
  3852 | D:3      | Noticed Crazy Yiuf
  4082 | D:3      | You fall into a shaft and drop 2 floors!
  4082 | D:5      | Entered Level 5 of the Dungeon
  4130 | D:5      | Reached skill level 8 in Axes
  4371 | D:5      | Reached skill level 9 in Axes
  4428 | D:5      | Reached XP level 7. HP: 50/57 MP: 7/7
  4578 | D:5      | Reached skill level 1 in Dodging
  4775 | D:4      | HP: 1/57 [gnoll bouda/+0 club (4)]
  4775 | D:4      | Mangled by a gnoll

Illustrated notes

Levels and vault maps discovered:
D:1:      dpeg_arrival_caged_fury, layout_basic, serial_glass, glass_columns_a,
          glass_columns_a, minmay_distorted
D:2:      minmay_recursive_quarters, layout_loops_corners,
          serial_co_window_serial, co_window_corner_a,
          co_window_of_opportunity_a, co_window_paths_b, co_window_paths_a,
          co_window_corner_a, co_window_of_opportunity_a, co_window_corner_a,
          co_window_corner_b, co_window_cross_4, co_window_of_opportunity_b,
          nicolae_half_adder
D:3:      layout_basic, mainiacjoe_overflow_chevrons, trog_wizard, tgw_sif,
          gammafunk_ghost_necromancy, wander_ebering_terrifying_dragon_lair,
          uniq_crazy_yiuf_cottage, uniq_natasha
D:4:      layout_gridville, mainiacjoe_overflow_catwalk, old_standard_altar
D:5:      minmay_skewed_foursquare, layout_rooms, chequers_big_river

Skill      XL: |  1  2  3  4  5  6  7 |
---------------+----------------------+-----
Axes           | 3 5 6 7 9 |  9.4
Shields        | 4 |  4.0
Dodging        | 1 |  1.3
Fighting       | |  3.6
Armour         | |  3.2

Action                     |  1- 3 |  4- 6 |  7- 9 || total
---------------------------+-------+-------+-------++-------
  Melee: War axe           |    65 |   153 |    29 ||   247
    Use: Scroll            |       |     7 |       ||     7
         Potion            |       |       |     1 ||     1
 Armour: Scale mail        |    40 |       |       ||    40
         Chain mail        |    12 |    61 |       ||    73
         Ring mail         |       |    42 |    18 ||    60
  Dodge: Dodged            |    23 |    48 |    19 ||    90
  Block: Buckler           |    14 |    23 |     3 ||    40
